 Dungeon Crawl Stone Soup version 0.27.1-37-g7b29ead8ac (console) character file.

Game seed: 880815380169114371

81167 grimtooth the Severer (level 15, -20/142 (149) HPs)
             Began as a Hill Orc Monk on Jan 6, 2024.
             Was the Champion of Beogh.
             Killed from afar by a necromancer (33 damage)
             ... with a bolt of negative energy
             ... on level 15 of the Dungeon on Jan 13, 2024.
             The game lasted 03:20:10 (39029 turns).

grimtooth the Severer (Hill Orc Monk)              Turns: 39029, Time: 03:20:10

HP:   -20/142 (149) AC: 26    Str: 26    XL:     15   Next: 69%
MP:   26/26         EV: 14    Int: 10    God:    Beogh [******]
Gold: 1070          SH:  8    Dex: 13    Spells: 14/14 levels left

rFire    + . .     SeeInvis .   a - +2 broad axe (freeze)
rCold    + + .     Faith    .   C - +3 buckler of the Soldier {Str+5}
rNeg     . . .     Spirit   .   N - +0 plate armour {rC+}
rPois    .         Reflect  .   T - +2 helmet
rElec    +         Harm     .   L - scarf {rC+ rF+}
rCorr    .         Rampage  .   f - +1 pair of gloves
Will     ++...                  s - +2 pair of boots
Stlth    ..........             o - amulet of regeneration
HPRegen  1.33/turn              e - +4 ring of evasion
MPRegen  0.20/turn              p - ring of willpower

@: studying Fighting, lightly drained
A: walk on water, sense surroundings 1, electricity resistance, subdued magic 1
a: Renounce Religion, Smiting, Recall Orcish Followers, Give Item to Named
Follower, Resurrection


You were on level 15 of the Dungeon.
You worshipped Beogh.
Beogh was exalted by your worship.
You visited 3 branches of the dungeon, and saw 23 of its levels.
You visited 1 bazaar.
You also visited: Ossuary and Gauntlet.

You collected 2199 gold pieces.
You spent 1129 gold pieces at shops.

Inventory:

Hand Weapons
 a - a +2 broad axe of freezing (weapon)
 j - a +1 glaive of holy wrath
Missiles
 i - 4 curare-tipped darts
 t - 60 poisoned darts (quivered)
 u - 2 throwing nets {=f}
Armour
 f - a +1 pair of gloves (worn)
 s - a +2 pair of boots (worn)
 C - the +3 buckler of the Soldier (worn) {Str+5}
   (You bought it in a shop in a bazaar)

   Str:       It affects your strength (+5).
 L - a scarf of resistance (worn)
 N - a +0 plate armour of cold resistance (worn)
 T - a +2 helmet (worn)
Jewellery
 c - a ring of protection from fire
 e - a +4 ring of evasion (left hand)
 o - an amulet of regeneration (around neck)
 p - a ring of willpower (right hand)
 J - a +4 ring of evasion
Wands
 q - a wand of digging (6)
 v - a wand of flame (57)
 w - a wand of iceblast (11)
 D - a wand of charming (6)
 G - a wand of acid (11)
 K - a wand of polymorph (14)
Scrolls
 g - 3 scrolls of fear
 h - 3 scrolls of magic mapping
 n - 2 scrolls of fog
 r - 5 scrolls of teleportation
 y - 2 scrolls of summoning
 O - a scroll of blinking
 Q - a scroll of vulnerability
Potions
 b - 2 potions of haste
 d - 4 potions of brilliance
 m - a potion of might
 A - 3 potions of magic
 E - a potion of invisibility
 H - 2 potions of resistance
 I - 4 potions of flight
 M - 15 potions of curing
 R - 4 potions of heal wounds
 W - a potion of berserk rage {unknown}
Miscellaneous
 F - a tin of tremorstones (2/2)
 U - a phial of floods


   Skills:
 - Level 18.0 Fighting
 - Level 18.0 Axes
 + Level 13.7 Armour
 - Level 6.0 Dodging
 - Level 1.5 Stealth
 - Level 6.0 Shields
 + Level 15.1 Invocations


You had 14 spell levels left.
You didn't know any spells.
Your spell library contained the following spells:

 Spells                   Type           Power      Damage    Failure   Level
 Corona                   Hex            0%         N/A       94%         1
 Foxfire                  Conj/Fire      0%         2x1d4     94%         1
 Sting                    Tmut/Pois      0%         1d3       94%         1
 Summon Small Mammal      Summ           0%         N/A       94%         1
 Ensorcelled Hibernation  Hex/Ice        0%         N/A       98%         2
 Poisonous Vapours        Pois/Air       0%         N/A       98%         2
 Call Canine Familiar     Summ           0%         N/A       100%        3
 Conjure Flame            Conj/Fire      0%         6-21      100%        3
 Dazzling Flash           Conj/Hex       0%         N/A       100%        3
 Inner Flame              Hex/Fire       0%         N/A       100%        3
 Portal Projectile        Hex/Tloc       0%         N/A       100%        3
 Summon Guardian Golem    Hex/Summ       0%         N/A       100%        3
 Tukima's Dance           Hex            0%         N/A       100%        3
 Airstrike                Air            0%         N/A       100%        4
 Iskenderun's Mystic Bla  Conj/Tloc      0%         2d3       100%        4
 Olgreb's Toxic Radiance  Pois           0%         N/A       100%        4
 Summon Lightning Spire   Summ/Air       0%         N/A       100%        4
 Blade Hands              Tmut           0%         N/A       100%        5
 Excruciating Wounds      Necr           0%         N/A       100%        5
 Irradiate                Conj/Tmut      0%         3d13      100%        5
 Lightning Bolt           Conj/Air       0%         1d11      100%        5
 Starburst                Conj/Fire      0%         6d3       100%        6
 Dragon Form              Tmut           0%         N/A       100%        7


Dungeon Overview and Level Annotations

Branches:
Dungeon (15/15)            Temple (0/1) D:6            Lair (6/6) D:8
 Shoals (0/4) Lair:2        Snake (0/4) Lair:3        Slime (0/5) Lair:5
    Orc (2/2) D:10            Elf (0/3) Orc:2        Vaults (0/5) D:13
Ossuary (visited)         Gauntlet (visited)
 Depths: D:15

Altars:
Dithmenos
Gozag
Kikubaaqudgha
Okawaru
Qazlal
Ru
Sif Muna
Uskayaw
Vehumet
Beogh
Jiyva

Shops:
D:11 (   D:15 [   Orc:1 [   Orc:2 ([((

Annotations:
Lair:1 exclusion: oklob plant
Lair:4 exclusion: 5 oklob plants
Lair:6 exclusion: obsidian statue


Innate Abilities, Weirdness & Mutations

You can walk on water.
You passively map a small area around you.
You are resistant to electric shocks. (rElec)
Your spells are a little easier to cast, but a little less powerful.


Message History

Beogh accepts your kill.
You feel a bit more experienced.
The necromancer mumbles some strange words.
The necromancer binds the souls of nearby monsters.
The ettin hits you with a +0 dire flail!!
The ettin hits you but does no damage.
There is an open door, spattered with blood here.
You see here a +1 scimitar of flaming.
Press: ? - help, v - describe, . - travel The floor.
The necromancer casts a spell.
The necromancer binds the souls of nearby monsters.
You're wearing all the rings you can.
Remove which one? (? for menu, Esc to cancel) < or
e - a +4 ring of evasion; > or
c - a ring of protection from fire You remove your ring of protection from fire.
p - a ring of willpower (right hand)
Your orc knight no longer looks unusually strong.
Aiming: Corrosive Bolt
Press: ? - help, Shift-Dir - straight line, f - necromancer
Aim: a necromancer, wielding a +0 dagger and wearing a +0 robe (60% to hit)
The bolt of acid hits the ettin but does no damage.
The bolt of acid misses the necromancer.
The ettin hits you but does no damage.
The ettin hits you with a +0 dire flail!!
* * * LOW HITPOINT WARNING * * *
The ettin closely misses you.
The ettin hits you with a +0 dire flail!!
* * * LOW HITPOINT WARNING * * *
Okay, then.
Press: ? - help, v - describe, . - travel
Here: an ettin, wielding two +0 dire flails (soul bound)
The floor, spattered with blood.
Blink to where?
Press: ? - help, Dir - move target, p - necromancer
As you read the scroll of blinking, it crumbles to dust.
The necromancer gestures at you while chanting.
The bolt of negative energy hits you!!
You feel drained.
You die...

* ,
#....#..............
#o...#..............
* ,
#o...#............#.
,
#o.§.#............#.
,
,*#...C#...##.......#
#....p......).....#,
,,
#o...#.T..........# *
**
###..#.............
..# **
,#..####'#########
..# , ,
,#.............. ..#
, #@..$.......... ..#
,,#.....)........
..#, #......)..:....
..+ #####+#....#...
..# , * ,#....#.##
<.#, ,, ,, ,#......#
..# ,, ,, #......#
..# * ##+#...#
..#,,,, * * * #.#.#
..+ , , , , ,, ..#o
..# ,, * , .#,


You could see an ettin (soul bound), a necromancer and a friendly orc knight.

Vanquished Creatures
  Frances (D:12)
  A reaper (Gauntlet)
  A dire elephant (Lair:6)
  A minotaur (Gauntlet)
  A boulder beetle (D:12)
  4 hydras
  3 centaur warriors
  2 death knights
  A catoblepas (Lair:5)
  4 death yaks
  2 tengu warriors
  An orc high priest (Orc:2)
  Nergalle (D:11)
  Sonja (D:11)
  2 spectral death yaks (Lair:6)
  A necromancer (Lair:6)
  A phantasmal warrior (D:15)
  Pikel (D:4)
  3 deep elf pyromancers
  2 cyclopes
  3 ugly things
  6 black mambas
  7 elephants (Lair:6)
  A smoke demon (Gauntlet)
  A cane toad (shapeshifter) (D:14)
  3 unseen horrors
  6 cane toads
  2 gargoyles
  An efreet (D:12)
  A freezing wraith (D:15)
  2 rime drakes (Lair:5)
  4 komodo dragons
  A red devil (Gauntlet)
  3 meliai
  6 trolls
  2 polar bears (Lair:6)
  A raiju (Gauntlet)
  Prince Ribbit (D:6)
  5 slime creatures (D:13)
  Grinder (D:3)
  10 blink frogs (Lair:3)
  A shadow (D:13)
  A vampire (D:12)
  13 yaks
  3 wyverns
  A basilisk (Lair:3)
  4 vampire mosquitoes
  Menkaure (D:5)
  A steam dragon (Gauntlet)
  4 nagas (Lair:3)
  3 acid dragons
  Edmund (D:5)
  5 wargs
  11 water moccasins
  12 orc warriors
  An elephant zombie (Lair:6)
  2 sky beasts
  2 ice beasts (D:6)
  A black bear (D:5)
  8 ogres
  21 wolves
  2 boggarts (D:15)
  2 lemures (D:4)
  6 centaurs
  A phantom (D:2)
  A kobold brigand (D:9)
  4 elf zombies (Ossuary)
  5 bullfrogs
  3 scorpions
  A gnoll sergeant (D:6)
  3 killer bees
  2 wights (D:7)
  6 howler monkeys
  4 electric eels (D:8)
  3 crimson imps (Gauntlet)
  A bullfrog zombie (D:7)
  3 centaur zombies
  14 orc priests
  3 hounds
  3 jellies
  Crazy Yiuf (D:5)
  A human zombie (Ossuary)
  Terence (D:3)
  Jessica (D:3)
  2 bullfrog skeletons (D:6)
  2 iguanas (D:4)
  7 hell rats (Lair:4)
  2 scorpion zombies (D:5)
  Natasha (thrice) (D:3)
  14 orc wizards
  A killer bee zombie (D:6)
  2 howler monkey zombies
  3 mummies
  Robin (D:4)
  9 gnolls
  5 adders
  4 shadow imps
  A white imp (D:5)
  2 adder zombies (Ossuary)
  4 worms
  20 orcs
  7 ball pythons
  3 endoplasms
  A giant cockroach (D:3)
  17 goblins
  10 hobgoblins
  6 jackals
  4 quokkas
  5 bats
  5 frilled lizards
  9 hobgoblin zombies (Ossuary)
  2 jackal zombies (Ossuary)
  11 kobolds
  9 kobold zombies (Ossuary)
  9 orc zombies (Ossuary)
  2 quokka zombies (D:7)
  8 rats
458 creatures vanquished.

Vanquished Creatures (collateral kills)
  An ironbound preserver (D:13)
  2 dire elephants (Lair:6)
  Snorg (Orc:2)
  Josephine (D:11)
  2 boulder beetles
  3 hydras
  2 death knights
  A centaur warrior (D:15)
  5 tengu warriors
  6 two-headed ogres
  3 orc high priests (Orc:2)
  A spectral death yak (Lair:6)
  A spectral anaconda (Lair:6)
  3 necromancers
  3 deep elf pyromancers
  An orc knight (D:15)
  A wolf spider (D:14)
  2 cyclopes
  4 ugly things (D:14)
  An elephant (shapeshifter) (D:13)
  A black mamba (Lair:6)
  5 centaur zombies (D:10)
  3 gargoyles
  8 elephants (Lair:6)
  7 cane toads
  An efreet (D:15)
  A komodo dragon (Lair:5)
  A tengu conjurer (D:15)
  3 meliai
  3 polar bears
  A spectral elephant (Lair:6)
  7 blink frogs
  A tyrant leech (shapeshifter) (D:13)
  A centaur simulacrum (D:15)
  2 shadows
  7 wraiths
  15 yaks
  2 basilisks (D:13)
  A vampire mosquito (D:12)
  5 wargs (Orc:2)
  3 acid dragons
  A spectral cane toad (Lair:6)
  7 water moccasins
  5 orc warriors
  A black bear (Lair:1)
  A necrophage (D:10)
  4 ogres
  2 boggarts (D:15)
  5 centaurs
  A wolf (Lair:5)
  2 elephant skeletons (Lair:6)
  4 bullfrogs
  2 killer bees (D:8)
  A wight (D:8)
  3 hounds (D:8)
  A human zombie (D:10)
  10 orc priests
  2 orc wizards
  A howler monkey zombie (D:10)
  13 orcs
  A bat (Orc:1)
189 creatures vanquished.

Vanquished Creatures (others)
  4 orc knights
  11 orc warriors
  A steam dragon (Gauntlet)
  12 orc priests
  7 orc wizards
  64 orcs
  38 fungi
  44 plants
  22 withered plants (Lair:6)
203 creatures vanquished.

Grand Total: 850 creatures vanquished

Notes
Turn   | Place    | Note
-------+----------+-------------------------------------------
     0 | D:1      | grimtooth the Hill Orc Monk began the quest for the Orb.
     0 | D:1      | Reached XP level 1. HP: 19/19 MP: 1/1
   417 | D:1      | Reached XP level 2. HP: 27/27 MP: 2/2
   458 | D:1      | Found a faded altar of an unknown god.
   839 | D:1      | Reached skill level 5 in Axes
   893 | D:1      | Reached XP level 3. HP: 29/33 MP: 3/3
  2174 | D:2      | Reached XP level 4. HP: 9/41 MP: 4/4
  3105 | D:3      | Noticed Terence
  3585 | D:4      | Found a radiant altar of Vehumet.
  3585 | D:4      | Found a hide-covered altar of Uskayaw.
  3623 | D:4      | Noticed a scorpion
  3644 | D:4      | Noticed Robin
  3955 | D:3      | Found a shadowy altar of Dithmenos.
  4608 | D:3      | Noticed Grinder
  4750 | D:4      | - ang
  4752 | D:4      | Reached XP level 5. HP: 5/47 MP: 5/5
  5030 | D:4      | - guess I forgot to put on my armour
  5048 | D:4      | Noticed a lemure
  5048 | D:4      | Noticed a lemure
  5049 | D:4      | Noticed Pikel
  5502 | D:3      | Paralysed by Grinder for 3 turns
  5508 | D:3      | Paralysed by Grinder for 5 turns
  5689 | D:5      | Entered Level 5 of the Dungeon
  5875 | D:4      | Noticed a lemure
  5895 | D:5      | Reached skill level 5 in Fighting
  5982 | D:5      | Noticed a phantom
  6000 | D:5      | Noticed an ogre
  6001 | D:5      | Noticed an ogre
  6036 | D:2      | - i am just gettin hammered at every turn
  6085 | D:2      | Gained mutation: Your spells are a little easier to cast,
                  | but a little less powerful. [potion of mutation]
  6085 | D:2      | Gained mutation: You are resistant to electric shocks.
                  | (rElec) [potion of mutation]
  6085 | D:2      | Gained mutation: You passively map a small area around you.
                  | [potion of mutation]
  6085 | D:2      | HP: 1/48 [phantom (5)]
  6109 | D:2      | Killed a phantom
  6110 | D:2      | Reached XP level 6. HP: 4/56 MP: 6/6
  6471 | D:3      | Noticed Jessica
  6492 | D:3      | Killed Jessica
  6665 | D:3      | Noticed Natasha
  6686 | D:3      | Killed Natasha
  6701 | D:3      | Noticed Natasha
  6716 | D:3      | Killed Natasha
  6717 | D:3      | Reached skill level 1 in Armour
  6820 | D:3      | Noticed Natasha
  6830 | D:3      | Killed Natasha
  7251 | D:4      | Reached XP level 7. HP: 54/62 MP: 7/7
  8030 | D:4      | Killed Pikel
  8031 | D:4      | Reached skill level 10 in Axes
  8031 | D:4      | Reached XP level 8. HP: 37/70 MP: 8/8
  8226 | D:4      | Killed Robin
  8450 | D:4      | Became a worshipper of Beogh the Brigand
  8450 | D:4      | Reached * piety under Beogh
  8450 | D:4      | Reached ** piety under Beogh
  9108 | D:5      | Found a runed translucent door.
  9109 | D:5      | Noticed Crazy Yiuf
  9335 | D:5      | Noticed Edmund
  9364 | D:5      | Killed Edmund
  9365 | D:5      | Reached skill level 5 in Armour
  9596 | D:5      | Noticed Menkaure
  9665 | D:4      | Reached skill level 1 in Invocations
  9805 | D:5      | Killed Menkaure
  9806 | D:5      | Reached XP level 9. HP: 29/75 MP: 10/10
 10272 | D:5      | Killed Crazy Yiuf
 10387 | D:6      | Found an iron altar of Okawaru.
 10488 | D:6      | Noticed Prince Ribbit
 10501 | D:6      | Killed Prince Ribbit
 10603 | D:6      | Reached skill level 5 in Invocations
 11001 | D:6      | Found a staircase to the Ecumenical Temple.
 11350 | D:6      | Found a sacrificial altar of Ru.
 12142 | D:7      | Found a sand-covered staircase.
 12156 | D:7      | Reached *** piety under Beogh
 12161 | Ossuary  | Entered an ossuary
 12233 | Ossuary  | Reached XP level 10. HP: 91/91 MP: 15/15
 12362 | Ossuary  | Identified the +3 flail of the Fifty Friars {drain, Str+4
                  | Int+7}
 13049 | D:3      | Killed Terence
 13182 | D:3      | Paralysed by Grinder for 3 turns
 13189 | D:3      | Killed Grinder
 13476 | D:7      | Reached **** piety under Beogh
 13668 | D:8      | - pretty lucky on the mutation there
 14005 | D:8      | Found an opulent altar of Gozag.
 15201 | D:8      | Killed an unseen horror
 15403 | D:8      | Found a staircase to the Lair.
 15791 | D:9      | Noticed a cyclops
 15861 | D:9      | - guess thats a waste of good potions
 16338 | D:9      | Killed a cyclops
 16339 | D:9      | Reached XP level 11. HP: 99/99 MP: 15/17
 16620 | D:10     | Entered Level 10 of the Dungeon
 16959 | D:10     | Noticed a centaur warrior
 16980 | D:10     | Killed a centaur warrior
 16981 | D:10     | Reached skill level 10 in Fighting
 17518 | D:10     | Found an ancient bone altar of Kikubaaqudgha.
 17630 | D:10     | Found a roughly hewn altar of Beogh.
 17886 | D:10     | Found a staircase to the Orcish Mines.
 17963 | D:10     | Identified the +7 hand crossbow "Goblinslayer" {flame,
                  | Str+6 Stlth+}
 18181 | Lair:1   | Entered Level 1 of the Lair of Beasts
 18517 | Lair:1   | Reached skill level 15 in Axes
 19021 | Lair:1   | Noticed an oklob plant
 19152 | Lair:1   | Noticed a five-headed hydra
 19176 | Lair:1   | Killed a six-headed hydra
 19614 | Lair:2   | Reached XP level 12. HP: 95/112 MP: 18/18
 20329 | Lair:2   | Found a staircase to the Shoals.
 20764 | Lair:3   | Gained Dorog as an ally
 20764 | Lair:3   | Noticed a six-headed hydra
 20765 | Lair:3   | Reached skill level 10 in Armour
 20780 | Lair:3   | Killed a six-headed hydra
 20818 | Lair:3   | Found a gate leading to a gauntlet.
 20880 | Gauntlet | Entered a Gauntlet
 20880 | Gauntlet | Found a transporter.
 20880 | Gauntlet | Found a transporter.
 20880 | Gauntlet | Found a transporter.
 20900 | Gauntlet | Found a transporter.
 20902 | Gauntlet | Found a large runed translucent door.
 20903 | Gauntlet | Found a large runed translucent door.
 20904 | Gauntlet | Found a large runed translucent door.
 20904 | Gauntlet | Found a large runed translucent door.
 20904 | Gauntlet | Found a runed translucent door.
 20904 | Gauntlet | Found a runed translucent door.
 20905 | Gauntlet | Found a large runed translucent door.
 21151 | Gauntlet | Found a large runed translucent door.
 21152 | Gauntlet | Found a large runed translucent door.
 21152 | Gauntlet | Found a large runed translucent door.
 21153 | Gauntlet | Found a large runed translucent door.
 21153 | Gauntlet | Found a large runed translucent door.
 21153 | Gauntlet | Found a large runed translucent door.
 21153 | Gauntlet | Found a large runed translucent door.
 21154 | Gauntlet | Found a large runed translucent door.
 21154 | Gauntlet | Found a large runed translucent door.
 21155 | Gauntlet | Found a large runed translucent door.
 21155 | Gauntlet | Found a large runed translucent door.
 21161 | Gauntlet | Found a runed translucent gate.
 21161 | Gauntlet | Found a runed translucent gate.
 21161 | Gauntlet | Found a runed translucent gate.
 21163 | Gauntlet | Found a transporter.
 21167 | Gauntlet | Found a transporter.
 21172 | Gauntlet | Noticed a reaper
 21179 | Gauntlet | Found a transporter.
 21197 | Gauntlet | Noticed a cacodemon
 21200 | Gauntlet | Found a transporter.
 21204 | Gauntlet | Found a transporter.
 21208 | Gauntlet | Found a transporter.
 21218 | Gauntlet | Found a transporter.
 21222 | Gauntlet | Found a transporter.
 21393 | Gauntlet | - well it all looks stupid dangerous
 21434 | Gauntlet | - this just might make it worth it
 21512 | Gauntlet | - how is this dipshit hitting me so hard
 21845 | Gauntlet | Killed a reaper
 21863 | Gauntlet | Identified the +0 cloak of the Onion {rElec rF+ Str+2
                  | Dex-3}
 22153 | Gauntlet | Noticed a minotaur
 22166 | Gauntlet | Killed a minotaur
 22206 | Gauntlet | - manual all worht it
 22445 | Lair:3   | Reached skill level 5 in Dodging
 22519 | Lair:3   | Your ally Dorog died
 22971 | Lair:3   | Reached skill level 10 in Invocations
 23177 | Lair:3   | Found a staircase to the Snake Pit.
 23337 | Lair:3   | Reached XP level 13. HP: 118/118 MP: 20/20
 25725 | Lair:5   | You fall into a shaft and drop 1 floor!
 25725 | Lair:6   | Entered Level 6 of the Lair of Beasts
 26921 | Lair:5   | Gained Okrist as an ally
 27156 | Lair:5   | Found a viscous altar of Jiyva.
 27157 | Lair:5   | Found a staircase to the Slime Pits.
 27704 | D:11     | Noticed Sonja
 27705 | D:11     | Killed Sonja
 27820 | D:11     | Noticed Nergalle
 27833 | D:11     | Killed Nergalle
 28227 | D:11     | Noticed Josephine
 28235 | D:11     | Killed Josephine
 28239 | D:11     | Reached XP level 14. HP: 99/130 MP: 23/23
 28490 | D:11     | Found Qotemen's Antique Weapon Shoppe.
 29180 | D:12     | Your ally Okrist died
 29609 | D:11     | - what happened to my good dudes
 29782 | D:12     | Reached skill level 15 in Fighting
 30282 | D:12     | Noticed Frances
 30488 | D:12     | You fall into a shaft and drop 2 floors!
 30776 | D:14     | Found a stormy altar of Qazlal.
 30806 | D:13     | Reached ***** piety under Beogh
 31345 | D:12     | Found a roughly hewn altar of Beogh.
 31668 | D:13     | Noticed an ironbound preserver
 32549 | D:13     | Killed an ironbound preserver
 32924 | D:13     | Found a gate to the Vaults.
 34332 | D:14     | Found a shimmering blue altar of Sif Muna.
 34929 | D:13     | Reached skill level 1 in Shields
 34953 | D:13     | Reached XP level 15. HP: 121/149 MP: 25/25
 35640 | Lair:6   | Gained Koronagh as an ally
 36041 | Lair:6   | Identified the +5 rapier of Niufosag {vorpal, rF+}
 36156 | Lair:6   | Your ally Koronagh died
 36157 | Lair:6   | - dammit
 36414 | Lair:6   | Reached skill level 5 in Shields
 36937 | Orc:1    | Entered Level 1 of the Orcish Mines
 37131 | Orc:1    | Reached ****** piety under Beogh
 37146 | Orc:1    | Found Reenac's Armour Emporium.
 37354 | Orc:2    | Entered Level 2 of the Orcish Mines
 37354 | Orc:2    | Found a flickering gateway to a bazaar.
 37397 | Bazaar   | Entered a bazaar
 37397 | Bazaar   | Found Tucag's Magic Scroll Emporium.
 37408 | Bazaar   | Found Tokaivia's Armour Shop.
 37432 | Bazaar   | Found Nehub's Antique Armour Emporium.
 37465 | Bazaar   | Found Fox Zir's Distillery.
 37473 | Bazaar   | Bought a potion of curing for 33 gold pieces
 37473 | Bazaar   | Bought a potion of heal wounds for 55 gold pieces
 37473 | Bazaar   | Bought a potion of heal wounds for 55 gold pieces
 37473 | Bazaar   | Bought a potion of heal wounds for 55 gold pieces
 37473 | Bazaar   | Bought a potion of haste for 110 gold pieces
 37485 | Bazaar   | Bought a scroll of identify for 16 gold pieces
 37485 | Bazaar   | Bought a scroll of identify for 16 gold pieces
 37485 | Bazaar   | Bought a scroll of identify for 16 gold pieces
 37485 | Bazaar   | Bought a scroll of fear for 28 gold pieces
 37492 | Bazaar   | Bought a +2 pair of boots for 99 gold pieces
 37492 | Bazaar   | Bought the +3 buckler of the Soldier {Str+5} for 222 gold
                  | pieces
 37531 | Bazaar   | Bought an ichor-stained helmet for 161 gold pieces
 37531 | Bazaar   | Identified the +0 helmet "Waycasa" {Harm +Inv rN+ Will-}
                  | (You bought it in a shop in a bazaar)
 37531 | Bazaar   | Bought a glowing helmet for 127 gold pieces
 37563 | Bazaar   | Bought a scroll of enchant armour for 60 gold pieces
 37563 | Bazaar   | Bought a scroll of summoning for 76 gold pieces
 37817 | Orc:2    | Found a roughly hewn altar of Beogh.
 37832 | Orc:2    | Gained Ortolf as an ally
 37844 | Orc:2    | Noticed Snorg
 37852 | Orc:2    | Killed Snorg
 37858 | Orc:2    | Found a staircase to the Elven Halls.
 37973 | Orc:2    | Gained Bogmar as an ally
 37995 | Orc:2    | Found Sirrokys's Antique Weapon Shop.
 37997 | Orc:2    | Gained Milork as an ally
 38013 | Orc:2    | Found Noaheigo's Weapon Shoppe.
 38045 | Orc:2    | Found a roughly hewn altar of Beogh.
 38081 | Orc:2    | Found Urotiybb's Antique Weapon Shop.
 38094 | Orc:2    | Found Ridyh's Armour Shoppe.
 38445 | D:12     | Killed Frances
 38659 | D:15     | Entered Level 15 of the Dungeon
 38709 | D:15     | Found Siuntoq's Antique Armour Shoppe.
 38998 | D:15     | Reached skill level 15 in Invocations
 39029 | D:15     | Killed from afar by a necromancer

Illustrated notes ##..## #...# ##..# ### ##..# ..## ##...# ...# #....# #..# .....## #..# ......## ##..# .......#### ###>.# #.[.......####.o.o# ###.............@## #.............## ##.............## #...##..........# ##..####.....###.# #..## ##....## #.# ..## #.....# ## ..# ##.....# .## ##......## ## ##..####..# ####..## #..# Turn 4750 on D:4: - ang ..## #..## ##..## #...# ##..# ### ##..# ..## ##...# ...# #....# #..# .....## #..# ......## ##..# .......#### ###@.# #.[.......####..).# ###............))## #.............## ##.............## #...##..........# ##..####.....###.# #..## ##....## #.# ..## #.....# ## ..# ##.....# .## ##......## Turn 5030 on D:4: - guess I forgot to put on my armour #.....# #...###.###.# #...#.####.....#.##..# ####.......##....##.## # #..####.#.....##.# # #..##..........#.# # #####..##.#.#......#†# # #......##.#.##...#.#.# # #.####.##.#.###)##.#†# # #.# #.##.#.# #.##.#.# # #.# #.##.#.###.##.#.# # #.####.##.#...@W.....# # #.##.>.......#####..## # #.##.#.##.##.#####..# # #.##.#.##...........# # #.##.#.......#####..# # #.##.######### ###..# #.##....)...# #....# #.#########.# #.##.# #.# #.####.##.# #.#########.........# ###...........####.#### Turn 6036 on D:2: - i am just gettin hammered at every turn , ≈ ≈ ≈ , , .≈.≈≈≈≈≈.≈.#.., ≈.≈≈.≈;≈≈..#., , ≈.;.;.;.≈...># , , ......... .## * .......,(..# ##....#... , *#......# * , *#...@#, , , , , *#...T##, , ,, .. #..## * , .. #., ,, , .. ,* ..,,* * * , , ., * .##.. , , , , .###..#.# , ,* *..#.....# , , ,, , ##........# ,, , * .##.......## , , , .#..........> , Turn 13668 on D:8: - pretty lucky on the mutation there , , , , , ......## ##, ,, .....#.####.# . , ,, ## ........#..#., ...##.......... , ...(.........## ..... , ....((...).T..# ..... .......)C.....# ...... .......T<@...# ...... .......)########...... .......).........(.... ........#C....}.(..... .......##..,#.<....... #...... , ..#......... *, .......* ,T..##....[#. ......., ..... ....## ..C.. ,....# , , ....., ,...... ,, , .... , ....... Turn 15861 on D:9: - guess thats a waste of good potions #..#....©)$hD#...#... ###..##.##.#####...#.## #8#..##.##.##.##...#^#. ###..#h........#...#.^^ #..###.##.##.#...#.## ###..###.##.##©#...#^#. #8#..##.......D#...#... ###..#.##.##.###.∩.#5#^ #..#D##.##.###...#p.. ###..###########...#### #8#...@...©............ ###≈............≈∩≈.... ##################### #8# #8# #8# #8# #8# ### ### ### ### ### Turn 21393 on Gauntlet: - well it all looks stupid dangerous #8#..#..+...+..#...#.###### ###..#..+...+..#...#.#..#©. #..#++#+#+#++#...#....#.. ###..#..+...+..#...#..^###. #8#..#..+.©.+..#...#k...... ###..###########...######## #.....#.©.#....≈....#.©.# ###...8.#...#...≈8≈...#...# #8#.....#.©.#....§....#.©.# ###..###########...######## #..#...)@....#...#...?©.[ ###..##.##.#####...#.###... #8#..##.##.##.##...#^#...## ###..#.........#...#.^^###. #..###.##.##.#...#.###©.. ###..###.##.##©#...#p#...#^ #8#..##........#...#...###. ###..#.##.##.###.∩.#5#^#^.. #..#.##.##.###...#....... ###..###########...######## #8#.......©.............©.. Turn 21434 on Gauntlet: - this just might make it worth it

#..####©###.##...#...^#^...#.
###..#5#..#..#.#...#..^#©#...#.
#8#..#..##..#.##...#..#...#..#.
###..####.#..#.#...#.#.....#.#.
#..##..##.#.5#...##.......##.
###..###########...###########.
#8#.....#.©.#....≈....#.©.#....
###...8.#...#...≈8§§..#...#.8..
#.....#.©.#...§≈....#.©.#....
###..###########§§§###########.
#8#..#...?©.4.@#...#k.?.©.(..#.
###..#.........#...#.^.#8#.^.#.
#..#..#+++#..#...#.^..#..^.#.
###..#++#...#''#...#.#..#..#.#.
#8#..#..+...'..#...#.#######.#.
###..#..+...'..#...#.#..#©.#.#.
#..#++#'#+#++#...#....#....#.
###..#..+...+..#...#..^###...#.
#8#..#..+.©.+..#...#.........#.
###..###########...###########.
#.....#.©.#...§≈....#.©.#....


Turn 21512 on Gauntlet: - how is this dipshit hitting me so hard ##### #8@8#
#÷.÷# #8.8# * #[.[# ## * #8.8#.8### * #...#....# # ,#8.8#..#.# #.#..##[##..#.#
#.............# #.#.##.#.##.#.# #.#....#....#.# Turn 22206 on Gauntlet: - manual
all worht it )...#o..#.............# ....#...########......#
.##.#..........#.####.# .##.#..........#.# #.# .##.#......(...#.####>#
....############......# ..### #.......# ..# #.oo.o..# ..# #.oo.o..# ..#
#.oooo..# ..# #.@o.o..# ..###### ###..o....# .......# #.........# .####..#
#......##.# .<.....# #..#...##.# oo.o...# #.........# #####'#########'#.....#
#.....o.oo....#...#.# #.............#.....# ############..#.....#
#..........#..##....# Turn 29609 on D:11: - what happened to my good dudes
.........# #..P.# #........# #####...## .P.......♣# ,+..8#....# PP........#*
###..'...#* P.........♣# #....'...# P..........♣ #.####..P#
...........♣##.#..'..## .#.........##..#..'.## ...........##.##..###
#.........###.#...# .........♣#P.P#8@8# .(.......##.####'## .........#.P#≈...##
##.......#.##≈≈≈).# #........#.#≈≈≈YY≈# ##.......#.#.≈≈≈Yp# .#.......#.##.≈≈≈##
.........#.####''# .........#.8##8$.8 .........'.P8#....# .........'.⌠P#...?#
Turn 36157 on Lair:6: - dammit

Levels and vault maps discovered:
D:1:      minmay_arrival_doors, layout_rooms, basic_ecumenical_altar,
          roderic_serpentine_path
D:2:      layout_loops_ring
D:3:      layout_basic, nicolae_dithmenos_the_darkroom, uniq_natasha,
          uniq_jessica, uniq_grinder, uniq_terence
D:4:      layout_layer_cave, gammafunk_temple_overflow_wave, uniq_pikel,
          uniq_robin
D:5:      layout_gridville, uniq_crazy_yiuf_cottage, uniq_menkaure, uniq_edmund
D:6:      layout_loops_ring, mainiacjoe_overflow_catwalk_spiral,
          minmay_temple_entry_large_hall, uniq_prince_ribbit1
D:7:      layout_gridville, enter_ossuary_4
D:8:      layout_cave_pools, nicolae_gozag_cash_rules_everything_around_me,
          erik_lair_island, fungi_pond_lemuel
D:9:      layout_cave_pools
D:10:     layout_roguey, lemuel_mausoleum_altar_kikubaaqudgha, david_orc_3,
          special_room [special_room_orc]
D:11:     layout_stronghold, serial_shops, nicolae_shop_waterfront, uniq_sonja,
          uniq_josephine, uniq_nergalle
D:12:     layout_loops_ring, special_room [special_room_orc],
          kennysheep_small_square, uniq_frances
D:13:     minmay_connected_triangles_in_corner, layout_basic,
          skrybe_vaults_entry_preservation
D:14:     layout_stronghold, lemuel_blue_sif_altar, grunt_qazlal_clouds
D:15:     hangedman_depths_entry_civil_slaughter, layout_stronghold,
          serial_shops, shop_coins, minivault_26
Lair:1:   layout_hall_layers, serial_bayou_pond_c, minmay_lair_oklob_chamber,
          lemuel_fruit_tree
Lair:2:   layout_regular_city, shoals_dummy_entry
Lair:3:   layout_gridlike, minmay_snake_entry_guardpost_medium,
          gauntlet_entry_generic, grunt_megastairs_1
Lair:4:   layout_loops_ring, dpeg_oklob_1
Lair:5:   layout_roguey, dpeg_slime_entry_enclosed_altar
Lair:6:   due_jungle_book, layout_regular_city, chequers_serial_rivers_marsh
Orc:1:    layout_caves, serial_shops, shop, mines_bat_river
Orc:2:    st_orc_town, layout_caves, serial_shops, freezing_bzr, basic_altar,
          uniq_snorg

Skill      XL: |  1  2  3  4  5  6  7  8  9 10 11 12 13 14 15 |
---------------+----------------------------------------------+-----
Fighting       | 4 5 6 9 12 14 18 | 18.0
Axes           | 5 6 7 8 10 12 13 15 17 18 | 18.0
Armour         | 1 3 5 6 9 12 13 | 13.7
Invocations    | 2 7 9 10 12 13 15 | 15.1
Dodging        | 6 |  6.0
Shields        | 2 6 |  6.0
Stealth        | |  1.5

Action                   |  1- 3 |  4- 6 |  7- 9 | 10-12 | 13-15 || total
-------------------------+-------+-------+-------+-------+-------++-------
Melee: Hand axe          |   169 |   276 |     9 |       |       ||   454
       Whip              |       |       |   220 |    67 |       ||   287
       War axe           |       |       |   109 |   492 |       ||   601
       Broad axe         |       |       |       |   140 |   736 ||   876
Throw: Stone             |     4 |    14 |    38 |       |       ||    56
       Dart              |       |    10 |    13 |    26 |    40 ||    89
       Boomerang         |       |    13 |    22 |    20 |    18 ||    73
Invok: Smiting           |       |       |     2 |    14 |    14 ||    30
       Convert to Beogh  |       |       |     1 |       |       ||     1
       Recall Orcish Fol |       |       |       |     1 |    16 ||    17
       Stop Recall       |       |       |       |       |     3 ||     3
       Give Item to Name |       |       |       |       |     1 ||     1
Evoke: Wand              |       |     2 |    10 |    15 |    22 ||    49
       Phial of floods   |       |       |       |       |     2 ||     2
  Use: Scroll            |       |     4 |     1 |     6 |    13 ||    24
       Potion            |       |     4 |       |     5 |       ||     9
 Stab: Sleeping          |     5 |     1 |       |       |       ||     6
       Distracted        |       |       |       |     3 |     7 ||    10
       Invisible         |       |       |       |     2 |       ||     2
       Confused          |       |       |       |       |     1 ||     1
Armor: Robe              |    20 |    13 |       |       |       ||    33
       Scale mail        |       |    45 |   111 |   289 |       ||   445
       Chain mail        |       |       |       |    85 |   399 ||   484
       Plate armour      |       |       |       |       |    60 ||    60
Dodge: Dodged            |   131 |   200 |   192 |   455 |   496 ||  1474
Block: Buckler           |       |       |       |       |    75 ||    75
